NWL (28 & UNDER)
CULVER CITY EXTRAS @ BISMARCK BARONS
07/12/2023
 
TOP OF THE 1ST
Culver City Extras batting - Pitching for Bismarck Barons : RHP Ron Young
Pitching: RHP Ron Young
Batting: RHB Sergio Pujols 0-0: Fly out, F3 (Line Drive, 34)
Batting: RHB Oscar Rudd 0-0: Ball
1-0: Ball
2-0: Called Strike
2-1: Ball
3-1: Foul Ball, location: 2F
3-2: Base on Balls
Batting: LHB Jason Lambert 0-0: Ball
Oscar Rudd steals 2nd base
1-0: Called Strike
1-1: Called Strike
1-2: Ball
2-2: Strikes out swinging
Batting: RHB Ricardo Cabrera 0-0: Called Strike
0-1: Ball
1-1: Called Strike
1-2: Ball
2-2: Strikes out swinging
Top of the 1st over - 0 run(s), 0 hit(s), 0 error(s), 1 left on base; Culver City 0 - Bismarck 0
BOTTOM OF THE 1ST
Bismarck Barons batting - Pitching for Culver City Extras : LHP Greg Taylor
Pitching: LHP Greg Taylor
Batting: SHB Lester Olsen 0-0: Ball
1-0: Ball
2-0: Swinging Strike
2-1: Foul Ball, location: 2F
2-2: Strikes out swinging
Batting: LHB Dave Gray 0-0: Ball
1-0: Ground out 4-3 (Groundball, 4)
Batting: RHB Jack Bailey 0-0: Ball
1-0: Foul Ball, location: 2F
1-1: Ground out 4-3 (Groundball, 4)
Bottom of the 1st over - 0 run(s), 0 hit(s), 0 error(s), 0 left on base; Culver City 0 - Bismarck 0
TOP OF THE 2ND
Culver City Extras batting - Pitching for Bismarck Barons : RHP Ron Young
Batting: RHB Salvador Medine 0-0: Called Strike
0-1: Ball
1-1: Called Strike
1-2: Foul Ball, location: 2F
1-2: Fly out, F9 (Flyball, 89M)
Batting: LHB Larry Howard 0-0: Ball
1-0: Ball
2-0: SOLO HOME RUN (Flyball, 8RXD), Distance : 398 ft
Batting: RHB Jesús Gonzáles 0-0: Called Strike
0-1: Ball
1-1: Foul Ball, location: 2F
1-2: Fly out, F1 (Popup, 15)
Batting: RHB Enrique Flores 0-0: Ball
1-0: Ball
2-0: Ball
3-0: Called Strike
3-1: SINGLE (Groundball, 6M)
Batting: RHB Francisco Rodríguez 0-0: Ball
1-0: Ball
2-0: DOUBLE (Flyball, 9D)
Enrique Flores to third
Batting: RHB Sergio Pujols 0-0: Ground out 5-3 (Groundball, 56)
Top of the 2nd over - 1 run(s), 3 hit(s), 0 error(s), 2 left on base; Culver City 1 - Bismarck 0
BOTTOM OF THE 2ND
Bismarck Barons batting - Pitching for Culver City Extras : LHP Greg Taylor
Batting: RHB Jorge Espinosa 0-0: Ball
1-0: Ball
2-0: Ground out 6-3 (Groundball, 6)
Batting: SHB Víctor Serrano 0-0: Foul Ball, location: 2F
0-1: Ball
1-1: Ball
2-1: Foul Ball, location: 2F
2-2: Strikes out looking
Batting: RHB Kiyomitsu Shinoda 0-0: Ball
1-0: Called Strike
1-1: Swinging Strike
1-2: Ball
2-2: Strikes out swinging
Bottom of the 2nd over - 0 run(s), 0 hit(s), 0 error(s), 0 left on base; Culver City 1 - Bismarck 0
TOP OF THE 3RD
Culver City Extras batting - Pitching for Bismarck Barons : RHP Ron Young
Batting: RHB Oscar Rudd 0-0: Ball
1-0: Fly out, F8 (Flyball, 8LS)
Batting: LHB Jason Lambert 0-0: Ground out 5-3 (Groundball, 5S)
Batting: RHB Ricardo Cabrera 0-0: Ball
1-0: Called Strike
1-1: Ball
2-1: Swinging Strike
2-2: Ball
3-2: Foul Ball, location: 2F
3-2: Base on Balls
Batting: RHB Salvador Medine 0-0: Ball
1-0: Called Strike
1-1: Ground out 2-3 (Groundball, 25)
Top of the 3rd over - 0 run(s), 0 hit(s), 0 error(s), 1 left on base; Culver City 1 - Bismarck 0
BOTTOM OF THE 3RD
Bismarck Barons batting - Pitching for Culver City Extras : LHP Greg Taylor
Batting: RHB Lúcio Flores 0-0: Fly out, F8 (Flyball, 89M)
Batting: RHB Miguel Hernández 0-0: Ball
1-0: Ball
2-0: Ball
3-0: Base on Balls
Batting: LHB Lorenzo Núñes 0-0: Ball
1-0: Called Strike
Miguel Hernández steals 2nd base
1-1: Ball
2-1: Ground out 4-3 (Groundball, 13)
Miguel Hernández to third
Batting: SHB Lester Olsen 0-0: Ball
1-0: Ball
2-0: Called Strike
2-1: Ball
3-1: Base on Balls
Batting: LHB Dave Gray 0-0: Ball
1-0: SINGLE (Line Drive, 9S)
Miguel Hernández scores
Lester Olsen to second
Batting: RHB Jack Bailey 0-0: Fly out, F3 (Popup, 23)
Bottom of the 3rd over - 1 run(s), 1 hit(s), 0 error(s), 2 left on base; Culver City 1 - Bismarck 1
TOP OF THE 4TH
Culver City Extras batting - Pitching for Bismarck Barons : RHP Ron Young
Batting: LHB Larry Howard 0-0: Called Strike
0-1: Ball
1-1: Swinging Strike
1-2: Ball
2-2: Ball
3-2: Base on Balls
Batting: RHB Jesús Gonzáles 0-0: Called Strike
0-1: Called Strike
0-2: Strikes out swinging
Batting: RHB Enrique Flores 0-0: Called Strike
0-1: Ball
1-1: Ball
2-1: Grounds into double play, 4-6-3 (Groundball, 4)
Top of the 4th over - 0 run(s), 0 hit(s), 0 error(s), 0 left on base; Culver City 1 - Bismarck 1
BOTTOM OF THE 4TH
Bismarck Barons batting - Pitching for Culver City Extras : LHP Greg Taylor
Batting: RHB Jorge Espinosa 0-0: Called Strike
0-1: Foul Ball, location: 2F
0-2: Ball
1-2: Foul Ball, location: 2F
1-2: Fly out, F9 (Line Drive, 9S)
Batting: SHB Víctor Serrano 0-0: Ball
1-0: Ball
2-0: Swinging Strike
2-1: Ball
3-1: Called Strike
3-2: Base on Balls
Batting: RHB Kiyomitsu Shinoda 0-0: Called Strike
0-1: Ball
1-1: Ball
2-1: Called Strike
2-2: Strikes out swinging
Batting: RHB Lúcio Flores 0-0: Ball
1-0: Ball
2-0: Ball
3-0: Base on Balls
Víctor Serrano to second
Batting: RHB Miguel Hernández 0-0: Ball
1-0: Foul Ball, location: 2F
1-1: Ball
2-1: Swinging Strike
2-2: Foul Ball, location: 2F
2-2: Strikes out looking
Bottom of the 4th over - 0 run(s), 0 hit(s), 0 error(s), 2 left on base; Culver City 1 - Bismarck 1
TOP OF THE 5TH
Culver City Extras batting - Pitching for Bismarck Barons : RHP Ron Young
Batting: RHB Francisco Rodríguez 0-0: Ground out 1-3 (Groundball, 15S)
Batting: RHB Sergio Pujols 0-0: Ball
1-0: Swinging Strike
1-1: Ball
2-1: Ball
3-1: Base on Balls
Batting: RHB Oscar Rudd 0-0: Called Strike
0-1: Called Strike
Sergio Pujols steals 2nd base
0-2: Ball
1-2: Foul Ball, location: 2F
1-2: Ball
2-2: Fly out, F8 (Flyball, 8RXD)
Runner from 2nd tags up, SAFE at 3rd, no throw
Batting: LHB Jason Lambert 0-0: Ball
1-0: Ball
2-0: Ball
3-0: Base on Balls
Batting: RHB Ricardo Cabrera 0-0: Foul Ball, location: 2F
0-1: Swinging Strike
0-2: Strikes out swinging
Top of the 5th over - 0 run(s), 0 hit(s), 0 error(s), 2 left on base; Culver City 1 - Bismarck 1
BOTTOM OF THE 5TH
Bismarck Barons batting - Pitching for Culver City Extras : LHP Greg Taylor
Batting: LHB Lorenzo Núñes 0-0: Foul Ball, location: 2F
0-1: Foul Ball, location: 2F
0-2: Ground out 3-1 (Groundball, 34S)
Batting: SHB Lester Olsen 0-0: Foul Ball, location: 2F
0-1: Ball
1-1: Ground out 1-3 (Groundball, 23)
Batting: LHB Dave Gray 0-0: Ball
1-0: Called Strike
1-1: Ground out 5-3 (Groundball, 5S)
Bottom of the 5th over - 0 run(s), 0 hit(s), 0 error(s), 0 left on base; Culver City 1 - Bismarck 1
TOP OF THE 6TH
Culver City Extras batting - Pitching for Bismarck Barons : RHP Ron Young
Pitching: RHP Mike Hodges
Batting: RHB Salvador Medine 0-0: Foul Ball, location: 2F
0-1: Ball
1-1: SINGLE (Groundball, 34) (infield hit)
Batting: LHB Larry Howard 0-0: Ball
1-0: Foul Ball, location: 2F
1-1: Called Strike
1-2: Ground out 5-3 (Groundball, 56S)
Salvador Medine to second
Batting: RHB Jesús Gonzáles 0-0: Ball
1-0: Called Strike
Salvador Medine is caught stealing 3rd base
1-1: Ball
2-1: SINGLE (Line Drive, 34)
Batting: RHB Enrique Flores 0-0: Foul Ball, location: 2F
0-1: Ball
1-1: Ball
2-1: Ball
3-1: Fly out, F6 (Popup, 56D)
Top of the 6th over - 0 run(s), 2 hit(s), 0 error(s), 1 left on base; Culver City 1 - Bismarck 1
BOTTOM OF THE 6TH
Bismarck Barons batting - Pitching for Culver City Extras : LHP Greg Taylor
Batting: RHB Jack Bailey 0-0: Fly out, F8 (Flyball, 8RD)
Batting: RHB Jorge Espinosa 0-0: Called Strike
0-1: Ball
1-1: Ball
2-1: TRIPLE (Line Drive, 89D)
Batting: SHB Víctor Serrano 0-0: SINGLE (Groundball, 56)
Jorge Espinosa scores
Batting: RHB Kiyomitsu Shinoda 0-0: Fielders Choice at 2nd, 1-6 (Groundball, 13S)
Batting: RHB Lúcio Flores 0-0: Fly out, F9 (Popup, 9LS)
Bottom of the 6th over - 1 run(s), 2 hit(s), 0 error(s), 1 left on base; Culver City 1 - Bismarck 2
TOP OF THE 7TH
Culver City Extras batting - Pitching for Bismarck Barons : RHP Mike Hodges
Batting: RHB Francisco Rodríguez 0-0: Ball
1-0: Called Strike
1-1: Ball
2-1: Foul Ball, location: 2F
2-2: Foul Ball, location: 2F
2-2: Ball
3-2: Strikes out looking
Batting: RHB Sergio Pujols 0-0: Ball
1-0: Called Strike
1-1: Foul Ball, location: 2F
1-2: Ball
2-2: Foul Ball, location: 2F
2-2: Ball
3-2: Base on Balls
Pinch Hitting: LHB Stan Bates 0-0: Ball
1-0: Grounds into double play, 6-4-3 (Groundball, 6)
Top of the 7th over - 0 run(s), 0 hit(s), 0 error(s), 0 left on base; Culver City 1 - Bismarck 2
BOTTOM OF THE 7TH
Bismarck Barons batting - Pitching for Culver City Extras : LHP Greg Taylor
Pitching: RHP Juan Tapia
Now in CF: Ronaldo Gois
Batting: RHB Miguel Hernández 0-0: Ball
1-0: Called Strike
1-1: Ground out 4-3 (Groundball, 4M)
Batting: LHB Lorenzo Núñes 0-0: Ball
1-0: Swinging Strike
1-1: Ball
2-1: Called Strike
2-2: Ground out U3 (Groundball, 3S)
Batting: SHB Lester Olsen 0-0: Called Strike
0-1: Ground out 4-3 (Groundball, 4M)
Bottom of the 7th over - 0 run(s), 0 hit(s), 0 error(s), 0 left on base; Culver City 1 - Bismarck 2
TOP OF THE 8TH
Culver City Extras batting - Pitching for Bismarck Barons : RHP Mike Hodges
Pitching: RHP Dalton Ray
Now in CF: Paco Sandoval
Batting: LHB Jason Lambert 0-0: Foul Ball, location: 2F
0-1: Ball
1-1: Ball
2-1: Ball
3-1: Foul Ball, location: 2F
3-2: Base on Balls
Pinch Runner at 1st Armando Pagán:
Batting: RHB Ricardo Cabrera 0-0: Ball
1-0: Foul Ball, location: 2F
1-1: Swinging Strike
1-2: Ball
2-2: DOUBLE (Line Drive, 78M)
Armando Pagán to third
Batting: RHB Salvador Medine 0-0: Ground out 1-3 (Groundball, 13S)
Pitching: LHP Ramón Santos
Pinch Hitting: RHB Mario López 0-0: Ball
1-0: Ball
2-0: Called Strike
2-1: Ball
3-1: Base on Balls
Pitching: RHP Jeff Lawson
Pinch Hitting: LHB Tanyu Imai 0-0: Called Strike
0-1: Ball
1-1: Called Strike
1-2: Ball
2-2: Strikes out swinging
Batting: RHB Enrique Flores 0-0: Swinging Strike
0-1: Ball
1-1: Called Strike
1-2: Ball
2-2: Strikes out swinging
Top of the 8th over - 0 run(s), 1 hit(s), 0 error(s), 3 left on base; Culver City 1 - Bismarck 2
BOTTOM OF THE 8TH
Bismarck Barons batting - Pitching for Culver City Extras : RHP Juan Tapia
Now at 1B: Armando Pagán
Now in LF: Axel Guimont
Now in RF: Tanyu Imai
Batting: LHB Dave Gray 0-0: Called Strike
0-1: Ball
1-1: Swinging Strike
1-2: Ball
2-2: Fly out, F8 (Flyball, 8LM)
Batting: RHB Jack Bailey 0-0: Ball
1-0: Ball
2-0: Called Strike
2-1: Ball
3-1: Base on Balls
Batting: RHB Jorge Espinosa 0-0: Foul Ball, location: 2F
0-1: Ball
1-1: Ball
2-1: Swinging Strike
2-2: Strikes out looking
Batting: SHB Víctor Serrano Single, Error in OF, E7, batter to second base
Jack Bailey to third
Batting: RHB Kiyomitsu Shinoda 0-0: Swinging Strike
0-1: Ball
1-1: Foul Ball, location: 2F
1-2: Ball
2-2: Ball
3-2: Foul Ball, location: 2F
3-2: Base on Balls
Batting: RHB Lúcio Flores 0-0: Called Strike
0-1: Ball
1-1: Ball
2-1: Called Strike
2-2: Ball
3-2: Foul Ball, location: 2F
3-2: Base on Balls
Jack Bailey scores
Víctor Serrano to third
Kiyomitsu Shinoda to second
Batting: RHB Miguel Hernández 0-0: Foul Ball, location: 2F
0-1: Fly out, F4 (Popup, 34D)
Bottom of the 8th over - 1 run(s), 1 hit(s), 1 error(s), 3 left on base; Culver City 1 - Bismarck 3
TOP OF THE 9TH
Culver City Extras batting - Pitching for Bismarck Barons : RHP Jeff Lawson
Pitching: LHP Raúl Sandoval
Batting: RHB Francisco Rodríguez 0-0: Foul Ball, location: 2F
0-1: Called Strike
0-2: SINGLE (Line Drive, 89S)
Pinch Hitting: RHB Max Rash 0-0: Ball
1-0: Foul Ball, location: 2F
1-1: Ball
2-1: SINGLE (Line Drive, 56D)
Francisco Rodríguez to second
Pinch Hitting: RHB Marvin Workman 0-0: Called Strike
0-1: Foul Ball, location: 2F
0-2: Ball
1-2: Ball
2-2: Hit by Pitch
Francisco Rodríguez to third
Max Rash to second
Pinch Hitting: RHB Luis Sáenz 0-0: Ball
1-0: Called Strike
1-1: Foul Ball, location: 2F
1-2: Ball
2-2: Ball
3-2: DOUBLE (Flyball, 89D)
Francisco Rodríguez scores
Max Rash scores
Marvin Workman to third
Batting: RHB Ricardo Cabrera 0-0: Ball
1-0: Ball
2-0: Called Strike
2-1: Fly out, F8 (Flyball, 8RXD)
Runner from 3rd tags up, SCORES, no throw
Pitching: LHP Francisco Rodríguez
Batting: RHB Salvador Medine 0-0: Foul Ball, location: 2F
0-1: Ball
1-1: Foul Ball, location: 2F
1-2: Ball
2-2: Fly out, F8 (Line Drive, 8LM)
Batting: RHB Axel Guimont 0-0: Ball
1-0: Ball
2-0: Called Strike
2-1: Fly out, F9 (Flyball, 9M)
Top of the 9th over - 3 run(s), 3 hit(s), 0 error(s), 1 left on base; Culver City 4 - Bismarck 3
BOTTOM OF THE 9TH
Bismarck Barons batting - Pitching for Culver City Extras : RHP Juan Tapia
Pitching: LHP Artie Nelson
Now at 1B: Luis Sáenz
Now at 2B: Cal Rogers
Now at 3B: Max Rash
Now in CF: Alan Olson
Batting: LHB Paco Sandoval 0-0: Swinging Strike
0-1: Called Strike
0-2: Foul Ball, location: 2F
0-2: Ball
1-2: Strikes out swinging
Pinch Hitting: RHB Ron James 0-0: Ball
1-0: Ball
2-0: Swinging Strike
2-1: Swinging Strike
2-2: Foul Ball, location: 2F
2-2: Strikes out looking
Batting: LHB Dave Gray 0-0: Ball
1-0: Foul Ball, location: 2F
1-1: Foul Ball, location: 2F
1-2: Ball
2-2: SINGLE (Line Drive, 89S)
Batting: RHB Jack Bailey 0-0: Called Strike
0-1: SINGLE (Line Drive, 5)
Dave Gray to second
Batting: RHB Jorge Espinosa 0-0: Ball
1-0: Foul Ball, location: 2F
1-1: Swinging Strike
1-2: Strikes out swinging
Bottom of the 9th over - 0 run(s), 2 hit(s), 0 error(s), 2 left on base; Culver City 4 - Bismarck 3
This league is powered by Out of the Park Baseball, the baseball management simulation game for PC, Mac and Linux
Wednesday, December 2nd, 2015 - OOTP Baseball 16.8 Build 38